 Dungeon Crawl Stone Soup version 0.18-a0-1327-gce91241 (webtiles) character file.

2954 Oddball22 the Carver (level 9, -1/64 HPs)
             Began as a High Elf Skald on Feb 16, 2016.
             Slain by an ice beast (3 damage)
             ... on level 8 of the Dungeon.
             The game lasted 00:25:40 (8990 turns).

Oddball22 the Carver (High Elf Skald)               Turns: 8990, Time: 00:25:40

Health: -1/64      AC:  4    Str: 12    XL:     9   Next: 52%
Magic:  16/22      EV: 17    Int: 17    God:
Gold:   301        SH:  0    Dex: 17    Spells: 5 memorised, 1 level left

rFire  . . .     SeeInvis .     k - +2 short sword (drain)
rCold  . . .     Gourm    .     b - +0 leather armour
rNeg   . . .     Faith    .     (no shield)
rPois  .         Spirit   .     (no helmet)
rElec  .         Dismiss  .     (no cloak)
rCorr  .         Reflect  .     h - +0 pair of gloves
SustAt .         Harm     .     (no boots)
MR     .....                    (no amulet)
Stlth  +.........               (no ring)
                                E - ring of magical power

@: infused (expiring), not resistant to hostile enchantments, very unstealthy
A: no striking features
a: no special abilities


You were on level 8 of the Dungeon.
You were near starving.

You visited 1 branch of the dungeon, and saw 9 of its levels.

You collected 301 gold pieces.

Inventory:

Hand Weapons
 a - a +1 falchion
 k - a +2 short sword of draining (weapon)
 A - a +2 shortbow of flaming
 G - a +0 falchion of holy wrath
 M - a +0 whip of venom
Missiles
 r - 55 bolts
 B - 45 arrows
 I - 14 poisoned arrows
 N - 9 bolts of frost
Armour
 b - a +0 leather armour (worn)
 h - a +0 pair of gloves (worn)
Jewellery
 E - a ring of magical power (left hand)
Wands
 x - a wand of lightning (4/15)
 C - a wand of flame (11/48)
 H - a wand of iceblast (5/15)
 L - a wand of iceblast (5/15)
Scrolls
 e - 5 scrolls of identify
 f - a scroll of amnesia {unknown}
 i - 3 scrolls of noise {unknown}
 l - 5 scrolls of remove curse
 m - 2 scrolls of enchant armour {unknown}
 n - a scroll of random uselessness {unknown}
 y - 2 scrolls of teleportation {unknown}
 D - a scroll of blinking {unknown}
 K - a scroll of fog {unknown}
Potions
 g - a potion of haste
 q - a potion of heal wounds
 w - 2 potions of lignification {unknown}
 z - a potion of brilliance {unknown}
 F - a potion of agility
 J - 2 potions of resistance {unknown}
Books
 c - a book of Battle

   Spells                             Type                      Level
   a - Infusion                       Charms                       1
   b - Shroud of Golubria             Charms/Translocation         2
   c - Song of Slaying                Charms                       2
   d - Spectral Weapon                Hexes/Charms                 3
   e - Regeneration                   Charms/Necromancy            3
 s - a book of Burglary

   Spells                             Type                      Level
   a - Swiftness                      Charms/Air                   2
   b - Passwall                       Transmutation/Earth          2
   c - Passage of Golubria            Translocation                4
   d - Lee's Rapid Deconstruction     Earth                        5
   e - Darkness                       Hexes                        6
   f - Invisibility                   Hexes                        6
 t - Kikubaaqudgha's Catalogue of Darkness
   (You found it on level 3 of the Dungeon)

   Spells                             Type                      Level
   a - Animate Skeleton               Necromancy                   1
 u - Vehumet's Tome of Conjuration
   (You found it on level 3 of the Dungeon)

   Spells                             Type                      Level
   a - Magic Dart                     Conjuration                  1
 v - Sif Muna's Grimoire of Glamour
   (You found it on level 3 of the Dungeon)

   Spells                             Type                      Level
   a - Corona                         Hexes                        1
 O - an Akashic Record

   Spells                             Type                      Level
   a - Dispersal                      Translocation                6
   b - Malign Gateway                 Summoning/Translocation      7
   c - Disjunction                    Translocation                8
   d - Controlled Blink               Translocation                8
Comestibles
 d - 7 bread rations
 j - 4 fruits
 o - 4 meat rations


   Skills:
 + Level 7.0 Fighting
 * Level 11.0 Long Blades
 - Level 0.8 Armour
 + Level 7.6 Dodging
 - Level 2.4 Spellcasting
 - Level 3.6 Charms


You had one spell level left.
You knew the following spells:

 Your Spells              Type           Power        Failure   Level  Hunger
a - Infusion              Chrm           ##..         8%          1    #......
b - Song of Slaying       Chrm           ##......     10%         2    ##.....
c - Shroud of Golubria    Chrm/Tloc      #.........   21%         2    ##.....
d - Regeneration          Chrm/Necr      #.........   38%         3    ###....
e - Spectral Weapon       Hex/Chrm       #.......     38%         3    ###....


Dungeon Overview and Level Annotations

Branches:
Dungeon (9/15)
 Temple: D:4-7         Lair: D:8-11         Orc: D:9-12

Altars:
Cheibriados
Gozag
Kikubaaqudgha
Pakellas
Qazlal
Ru
Sif Muna
Vehumet
Yredelemnul
Zin
The Shining One


Message History

The ice beast freezes you!
* * * LOW HITPOINT WARNING * * *
Evoke which item? (* to show all) (? for menu, Esc to quit)
Zapping:
C - a wand of flame {zapped: 3} (will waste charges)
Press: ? - help, Shift-Dir - straight line, f/p - ice beast
Aim: an ice beast (heavily wounded)
The puff of flame hits the ice beast.
The ice beast melts!
The ice beast is severely wounded.
Evoking this partially-identified wand wasted a few charges.
The ice beast hits you but does no damage.
Evoke which item? (* to show all) (? for menu, Esc to quit)
Zapping:
C - a wand of flame {zapped: 5} (will waste charges)
Press: ? - help, Shift-Dir - straight line, f/p - ice beast
Aim: an ice beast (severely wounded)
The puff of flame hits the ice beast.
The ice beast melts!
The ice beast is severely wounded.
Evoking this partially-identified wand wasted a few charges.
Your skin stops crawling.
The ice beast hits you.
You die...

### #.### #.Y.# #.#@# #.#.#
#####.#.# #...#.#.#
#...#.#.# #######
####...#.#.##########.....#
#..'...'>...........'......
####...#)#.######.#.#......
#...#...................


You could see an ice beast.

Vanquished Creatures
  A hungry ghost (D:8)
  A warg (D:8)
  Edmund (D:6)
  2 water moccasins (D:8)
  An ice beast (D:3)
  A phantom (D:8)
  An orc warrior (D:8)
  A black bear (D:8)
  2 sky beasts (D:6)
  2 ogres
  2 centaurs
  A giant frog (D:6)
  A big kobold (D:7)
  3 scorpions
  3 killer bees (D:8)
  2 crimson imps (D:8)
  A jelly (D:6)
  6 orc priests (D:8)
  2 hounds
  6 orc wizards
  3 centaur skeletons
  An iguana (D:6)
  Natasha (thrice) (D:4)
  5 worker ants (D:4)
  A killer bee zombie (D:8)
  A hound skeleton (D:4)
  2 gnolls
  4 adders
  2 river rats (D:3)
  4 shadow imps (D:7)
  An ooze (D:3)
  An adder skeleton (D:8)
  4 worms
  4 giant geckos
  23 orcs
  5 giant cockroaches
  11 goblins
  5 hobgoblins
  13 jackals
  4 quokkas
  2 ball pythons (D:3)
  4 bats
  A giant gecko skeleton (D:4)
  6 giant newts
  A goblin skeleton (D:7)
  2 goblin zombies (D:7)
  2 hobgoblin zombies (D:7)
  2 jackal skeletons
  24 kobolds
  A kobold skeleton (D:7)
  3 orc skeletons (D:7)
  An orc zombie (D:7)
  10 rats
  3 plants (D:7)
199 creatures vanquished.

Vanquished Creatures (others)
  An orc (D:8)
  A plant (D:7)
2 creatures vanquished.

Grand Total: 201 creatures vanquished

Notes
Turn   | Place    | Note
--------------------------------------------------------------
     0 | D:1      | Oddball22 the High Elf Skald began the quest for the Orb.
     0 | D:1      | Reached XP level 1. HP: 14/14 MP: 4/4
    10 | D:1      | You fall through a shaft!
   283 | D:2      | Reached XP level 2. HP: 10/19 MP: 0/6
   695 | D:2      | Reached XP level 3. HP: 6/24 MP: 0/7
  1132 | D:2      | Learned a level 2 spell: Song of Slaying
  1135 | D:2      | Learned a level 2 spell: Shroud of Golubria
  1620 | D:1      | Reached skill level 4 in Long Blades
  1835 | D:1      | Reached XP level 4. HP: 25/30 MP: 4/8
  1961 | D:3      | Noticed an ice beast
  1974 | D:3      | Killed an ice beast
  1974 | D:3      | Reached XP level 5. HP: 25/36 MP: 5/9
  2049 | D:3      | Found an opulent altar of Gozag.
  2215 | D:3      | Reached skill level 5 in Long Blades
  2396 | D:3      | Found an ancient bone altar of Kikubaaqudgha.
  2406 | D:3      | Found a radiant altar of Vehumet.
  2406 | D:3      | Found a deep blue altar of Sif Muna.
  2411 | D:3      | Identified Kikubaaqudgha's Catalogue of Darkness
  2418 | D:3      | Identified Vehumet's Tome of Conjuration
  2427 | D:3      | Identified Sif Muna's Grimoire of Glamour
  2438 | D:3      | Learned a level 3 spell: Regeneration
  2788 | D:4      | Noticed a water elemental
  2792 | D:4      | Found a stormy altar of Qazlal.
  2795 | D:4      | Noticed an air elemental
  2795 | D:4      | Noticed a fire elemental
  2836 | D:4      | Reached XP level 6. HP: 42/42 MP: 10/10
  3066 | D:4      | Noticed Natasha
  3077 | D:4      | Killed Natasha
  3139 | D:4      | Noticed Natasha
  3148 | D:4      | Killed Natasha
  3148 | D:4      | Reached skill level 6 in Long Blades
  3478 | D:4      | Found a glowing silver altar of Zin.
  3502 | D:4      | Noticed Natasha
  3507 | D:4      | Killed Natasha
  3567 | D:4      | Reached XP level 7. HP: 31/48 MP: 5/11
  4113 | D:5      | Entered Level 5 of the Dungeon
  4263 | D:5      | Found a snail-covered altar of Cheibriados.
  4303 | D:5      | Reached skill level 7 in Long Blades
  4308 | D:5      | Reached skill level 5 in Dodging
  4381 | D:5      | Noticed a gargoyle
  4732 | D:6      | Noticed Edmund
  4750 | D:6      | Killed Edmund
  4750 | D:6      | Reached skill level 5 in Fighting
  4750 | D:6      | Reached skill level 8 in Long Blades
  4750 | D:6      | Reached XP level 8. HP: 51/55 MP: 6/12
  4755 | D:6      | Learned a level 3 spell: Spectral Weapon
  5214 | D:6      | Found an oddly glowing altar of Pakellas.
  5426 | D:7      | Found a basalt altar of Yredelemnul.
  5548 | D:7      | Reached skill level 9 in Long Blades
  5791 | D:7      | Found a glowing golden altar of the Shining One.
  7220 | D:8      | Reached XP level 9. HP: 17/62 MP: 13/13
  7729 | D:8      | Reached skill level 10 in Long Blades
  8199 | D:8      | Found a sacrificial altar of Ru.
  8981 | D:8      | Reached skill level 11 in Long Blades
  8988 | D:8      | HP: 1/64 [ice beast (9)]
  8990 | D:8      | Slain by an ice beast

Vault maps used:
D:1:      lemuel_arrival_lava_pool, minivault_24, minivault_4
D:2:      roderic_lattice_a
D:3:      grunt_temple_overflow_magic_moments, portal_sewer_entry_e,
          first_bread, minmay_misc_feat_columns, grunt_gozag_breadcrumbs
D:4:      kennysheep_little_box, nicolae_qazlal_style_of_elements, st_stairs_13,
          uniq_natasha
D:5:      lemuel_round_altar, lemuel_doored_altar, temple_statues, serial_shops,
          shop, st_stairs_6
D:6:      grunt_pakellas_sulfur, uniq_edmund
D:7:      kennysheep_kobold_camp, lemuel_coloured_pillars_altar,
          nicolae_tso_besieged_by_evil
D:8:      nicolae_ru_the_path_less_chosen, lemuel_another_geyser
D:9:      tgw_trog, erik_lair_orcish_takeover, hangedman_tell_no_tales

Action                   |  1- 3 |  4- 6 |  7- 9 || total
-------------------------+-------+-------+-------++-------
Melee: Falchion          |    79 |     4 |    42 ||   125
       Short sword       |    51 |   149 |   575 ||   775
       Whip              |       |       |     1 ||     1
 Fire: Shortbow          |       |       |     1 ||     1
 Cast: Infusion          |     6 |     7 |    19 ||    32
       Song of Slaying   |       |     1 |     4 ||     5
       Shroud of Golubri |       |       |     1 ||     1
       Regeneration      |       |       |     3 ||     3
Evoke: Wand              |       |       |     3 ||     3
  Use: Potion            |     1 |     3 |     2 ||     6
       Scroll            |     2 |       |     4 ||     6
 Stab: Sleeping          |     1 |       |       ||     1
  Eat: Chunk             |     3 |     5 |    19 ||    27
       Beef jerky        |       |       |     1 ||     1
       Pizza             |       |       |     1 ||     1
